 Dungeon Crawl Stone Soup version 0.29.0-5-ge4962eb29e (webtiles) character file.

Game seed: 8129767741710567515

62 PieDemon the Chopper (level 4, -4/38 HPs)
             Began as a Meteoran Abyssal Knight on Aug 29, 2022.
             Was a Priest of Lugonu.
             Shot with an arrow by a centaur (5 damage)
             ... on level 5 of the Dungeon.
             The game lasted 00:05:39 (519 turns).

PieDemon the Chopper (Meteoran Abyssal Knight)       Turns: 519, Time: 00:05:40

Health: -4/38      AC:  3    Str: 17    XL:     4   Next: 53%
Magic:  7/7        EV: 11    Int: 11    God:    Lugonu [***...]
Gold:   129        SH:  0    Dex: 14    Spells: 3/3 levels left

rFire   . . .      SeeInvis .   a - +1 hand axe
rCold   . . .      Faith    .   (no shield)
rNeg    . . .      Spirit   .   b - +0 leather armour
rPois   .          Reflect  .   (no helmet)
rElec   .          Harm     .   (no cloak)
rCorr   .          Rampage  .   (no gloves)
Will    .....                   (no boots)
Stlth   +.........              (no amulet)
HPRegen 0.12/turn               (no ring)
MPRegen 0.10/turn               (no ring)

@: hasted, glowing, very quick
A: sense surroundings 1, otherworldly, glowing, explore regen
a: Renounce Religion, Depart the Abyss, Bend Space, Banish


You were on level 5 of the Dungeon.
You worshipped Lugonu.
Lugonu was most pleased with you.
You visited 1 branch of the dungeon, and saw 5 of its levels.
You visited the Abyss 1 time.

You collected 129 gold pieces.

Inventory:

Hand Weapons
 a - a +1 hand axe (weapon)
 h - a +0 mace
Missiles
 g - 4 poisoned darts
Armour
 b - a +0 leather armour (worn)
Scrolls
 c - a scroll of magic mapping {unknown}
 d - 3 scrolls of identify {unknown}
 f - a scroll of vulnerability {unknown}
Potions
 i - a potion of lignification {unknown}
 j - a potion of magic {unknown}
 k - a potion of curing {unknown}


   Skills:
 - Level 3.2 Fighting
 * Level 4.9 Axes
 - Level 2.4 Armour
 - Level 1.2 Dodging
 + Level 2.9 Invocations


You had 3 spell levels left.
You didn't know any spells.
Your spell library contained the following spells:

 Spells                   Type           Power      Damage    Failure   Level
 Foxfire                  Conj/Fire      0%         2x1d4     38%         1
 Conjure Flame            Conj/Fire      0%         6-21      77%         3
 Inner Flame              Hex/Fire       0%         N/A       77%         3
 Flame Wave               Conj/Fire      0%         2d4       99%         4


Dungeon Overview and Level Annotations

Branches:
Dungeon (5/15) Zot: 2465
 Temple: D:4-7

Altars:
Hepliaklqana
Kikubaaqudgha

Shops:
D:5 =

Annotations:
D:1 exclusion: downstairs


Innate Abilities, Weirdness & Mutations

You passively map a small area around you.
You are easily found by Zot.
You glow in the dark.
You regain HP and MP as you explore.


Message History

You barely miss the jackal.
The jackal is severely wounded.
The jackal bites you but does no damage.
The jackal closely misses you.
You barely miss the jackal.
The jackal is heavily wounded.
The jackal bites you.
You hit the jackal.
You kill the jackal!
Lugonu accepts your kill.
No target in view!
Items here: ††††.
Items here: ††††.
There is a stone staircase leading down here.
You climb downwards.
There is a stone staircase leading up here.
Found a stone staircase leading up.
Found a black potion.
Found a gluggy blue potion.
There is a stone staircase leading up here.
i - a black potion
Found a pink potion.
j - a gluggy blue potion
Found Ciczanan's Jewellery Boutique.
k - a pink potion A centaur comes into view.
The centaur shouts!
The centaur wields a +0 shortbow.
The centaur shoots an arrow.
The arrow barely misses you.
The centaur shoots an arrow.
The arrow hits you!
The centaur shoots an arrow.
The arrow hits you!
The centaur shoots an arrow.
The arrow hits you.
* * * LOW HITPOINT WARNING * * *
Okay, then.
The centaur shoots an arrow.
The arrow hits you!
* * * LOW HITPOINT WARNING * * *
Okay, then.
It was a potion of haste.
You feel yourself speed up.
The centaur shoots an arrow.
The arrow hits you.
You die...

*#. ## c. .... ,
,..c##...######### * ##
.................. ..### ,
........#.#.......,, ..... ,
,.........∩......#######.#.#
#......#.#.....#.......#..
#..............#.......#..
*#........@.....#..<.......
*
.#.........................
,
........................###
...........................
................#.......#.#
*
........................#..
*
........................#<#
, *
.#...#####..............###
#... #.......#......# *


You could see a centaur.

Vanquished Creatures
  An orc wizard (D:3)
  A dart slug (D:1)
  3 orcs (D:3)
  2 bats (D:1)
  3 endoplasms
  3 giant cockroaches
  2 goblins
  A hobgoblin (D:3)
  7 jackals
  A kobold (D:3)
  2 frilled lizards (D:1)
  A rat (D:2)
  A spectral hobgoblin (D:3)
28 creatures vanquished.

Notes
Turn   | Place    | Note
-------+----------+-------------------------------------------
     0 | Abyss:1  | PieDemon the Meteoran Abyssal Knight began the quest for
                  | the Orb.
     0 | Abyss:1  | Reached XP level 1. HP: 19/19 MP: 3/3
     1 | D:1      | Escaped the Abyss
    38 | D:3      | Noticed an orc wizard
   107 | D:2      | Found a faded altar of an unknown god.
   177 | D:1      | Reached XP level 2. HP: 23/26 MP: 4/4
   178 | D:1      | Reached skill level 3 in Axes
   238 | D:3      | Reached XP level 3. HP: 21/31 MP: 6/6
   265 | D:4      | Found an ancient bone altar of Kikubaaqudgha.
   317 | D:3      | Reached skill level 4 in Axes
   328 | D:3      | Reached XP level 4. HP: 13/38 MP: 7/7
   351 | D:3      | Found a hazy altar of Hepliaklqana.
   354 | D:3      | Reached *** piety under Lugonu
   487 | D:5      | Entered Level 5 of the Dungeon
   507 | D:5      | Found Ciczanan's Jewellery Boutique.
   514 | D:5      | Noticed a centaur
   517 | D:5      | HP: 1/38 [centaur/arrow (11)]
   519 | D:5      | Shot with an arrow by a centaur

Illustrated notes

Levels and vault maps discovered:
D:1:      dpeg_arrival_shrine, layout_loops_ring, chequers_serial_rivers_room_a
D:2:      layout_rooms, nicolae_ecumenical_oubliette, grunt_ministairs_1,
          minmay_circle_x
D:3:      layout_rooms, nicolae_hepliaklqana_monster_ancestors,
          overflow_temple_1_default, mainiacjoe_overflow_alcove_1,
          kennysheep_minor_cross, minmay_fractal_squares_diagonal_5
D:4:      layout_gridville, tgw_kikubaaqudgha, grunt_ministairs_15,
          uniq_crazy_yiuf_cottage, uniq_pikel
D:5:      layout_basic, mainiacjoe_overflow_chevrons, serial_shops,
          nicolae_shop_crystal, nrook_campfire, kennysheep_windowed_goal

Skill      XL: |  1  2  3 |
---------------+----------+-----
Axes           | 3 4 |  4.9
Fighting       | |  3.2
Armour         | |  2.4
Dodging        | |  1.2
Invocations    | |  2.9

Action                   |  1- 3 |  4- 6 || total
-------------------------+-------+-------++-------
Melee: Hand axe          |    76 |    23 ||    99
  Use: Potion            |       |     1 ||     1
Armor: Leather armour    |    23 |     5 ||    28
Dodge: Dodged            |    45 |    12 ||    57
